 Dungeon Crawl Stone Soup version 0.21-a0-125-gb006224 (webtiles) character file.

1661 namelastname112 the Destroyer (level 8, -5/57 HPs)
             Began as a Pale Draconian Conjurer on July 15, 2017.
             Slain by a bullfrog (9 damage)
             ... in a sewer.
             The game lasted 00:08:47 (6633 turns).

namelastname112 the Destroyer (DrCj)                Turns: 6633, Time: 00:08:47

Health: -5/57      AC:  6    Str: 15    XL:     8   Next: 69%
Magic:  10/19      EV:  9    Int: 19    God:
Gold:   309        SH:  0    Dex: 11    Spells: 18/21 levels left

rFire    . . .     SeeInvis .   m - +0 spear (curse)
rCold    . . .     Gourm    .   (no shield)
rNeg     . . .     Faith    .   (armour unavailable)
rPois    .         Spirit   .   (helmet restricted)
rElec    +         Reflect  .   w - scarf {repulsion}
rCorr    +         Harm     .   (no gloves)
MR       +....                  (no boots)
Stlth    +.........             (no amulet)
HPRegen  0.19/turn              i - ring of resist corrosion
MPRegen  0.16/turn              k - ring of protection from magic

@: mighty, constricted, repel missiles, very slow
A: breathe steam, unfitting armour, electricity resistance, cold-blooded,
MP-powered wands, AC +6
a: Breathe Steam


You were in a sewer.
You were not hungry.

You visited 1 branch of the dungeon, and saw 6 of its levels.
You also visited: Sewer.

You collected 309 gold pieces.

Inventory:

Hand Weapons
 m - a cursed +0 spear (weapon)
Armour
 w - a scarf of repulsion (worn)
Jewellery
 i - a ring of resist corrosion (left hand)
 k - a ring of protection from magic (right hand)
Wands
 c - a wand of digging (8/24)
 x - a wand of digging (8/24)
Scrolls
 d - 3 scrolls of fear {unknown}
 f - 4 scrolls of identify {unknown}
 g - a scroll of random uselessness {unknown}
 h - 7 scrolls of teleportation {unknown}
 n - 2 scrolls of enchant armour {unknown}
 s - a scroll of immolation {unknown}
 y - a scroll of blinking {unknown}
 z - 2 scrolls of magic mapping {unknown}
 A - a scroll of fog {unknown}
Potions
 e - 3 potions of curing
 l - a potion of heal wounds {unknown}
 p - a potion of might
 r - a potion of agility {unknown}
 t - 3 potions of magic {unknown}
 u - a potion of lignification {unknown}
 v - 3 potions of haste
 C - a potion of brilliance {unknown}
Books
 a - a book of Conjurations

   Spells                             Type                      Level
   a - Magic Dart                     Conjuration                  1
   b - Searing Ray                    Conjuration                  2
   c - Dazzling Spray                 Conjuration/Hexes            3
   d - Fulminant Prism                Conjuration/Hexes            4
   e - Force Lance                    Conjuration/Translocation    4
   f - Iskenderun's Mystic Blast      Conjuration                  4
Comestibles
 b - 4 bread rations
 j - 6 meat rations
 o - a royal jelly
 q - a fruit
 B - 3 chunks of flesh


   Skills:
 - Level 1.7 Dodging
 - Level 1.7 Stealth
 + Level 7.4 Spellcasting
 + Level 8.8 Conjurations


You had 18 spell levels left.
You knew the following spells:

 Your Spells              Type           Power        Failure   Level  Hunger
x - Searing Ray           Conj           #####.       1%          2    None
z - Magic Dart            Conj           ####         1%          1    None


Dungeon Overview and Level Annotations

Branches:
Dungeon (6/15)
 Temple: D:4-7

Altars:


Innate Abilities, Weirdness & Mutations

You can breathe blasts of scalding, opaque steam.
Your pale cyan-grey scales are hard. (AC +6)
You cannot fit into any form of body armour.
You are cold-blooded and may be slowed by cold attacks.
You are resistant to electric shocks. (rElec)
You expend magic power (3 MP) to strengthen your wands.


Message History

The adder bites you but does no damage. The adder closely misses you.
The bullfrog closely misses you. The bullfrog hits you.
* * * LOW HITPOINT WARNING * * *
The ball python barely misses you. The ball python constricts you.
The adder bites you but does no damage.
You take 6 damage, and have 6/57 hp.
You feel better. The bullfrog hits you.
* * * LOW HITPOINT WARNING * * *
The adder bites you.
* * * LOW HITPOINT WARNING * * *
The bullfrog hits you but does no damage.
The ball python bites you but does no damage.
The ball python constricts you. The adder bites you.
* * * LOW HITPOINT WARNING * * *
The bullfrog closely misses you.
You take 3 damage, and have 3/57 hp.
It was a potion of might.
You feel very mighty all of a sudden. The bullfrog hits you!
You die...

##...## #...#####
#....'..# #....#..#
##...####
#....##################
#.....#≈≈≈≈≈≈≈≈≈≈≈≈≈≈≈#.
##....≈≈≈SS≈≈≈≈≈≈≈≈≈≈≈≈.
#....≈≈≈@Fl≈≈≈≈≈≈≈≈≈#≈.
#....≈≈≈SF≈≈#≈†#≈≈≈≈≈≈.
##...≈≈≈≈≈≈#≈..≈≈≈≈≈≈≈.
###..≈≈≈≈≈≈≈≈≈≈≈≈≈≈≈#.
###################


You could see 2 bullfrogs, 2 adders, a ball python and a frilled lizard.

Vanquished Creatures
  The ghost of namelastname112 the Conjurer, a novice DrCj of Sif Muna (D:6)
  Sigmund (D:4)
  Edmund (D:4)
  A water moccasin (D:5)
  A sky beast (D:6)
  An ogre (D:5)
  The ghost of sergedm the Conjurer, an amateur DECj (D:3)
  A howler monkey (D:4)
  A crimson imp (D:5)
  2 hounds
  A jelly (D:6)
  An orc wizard (D:4)
  3 iguanas
  3 worker ants
  A worker ant zombie (D:5)
  A howler monkey skeleton (D:4)
  Robin (D:2)
  12 adders
  5 river rats (Sewer)
  2 worms
  2 dart slugs
  3 leopard geckos (D:4)
  9 orcs
  11 ball pythons
  8 bats
  2 giant cockroaches
  8 goblins
  5 hobgoblins
  8 jackals
  5 kobolds
  3 quokkas
  7 frilled lizards
  A jackal skeleton (D:4)
  2 quokka skeletons
  A quokka zombie (D:5)
  29 rats
145 creatures vanquished.

Notes
Turn   | Place    | Note
-------+----------+-------------------------------------------
     0 | D:1      | namelastname112 the Draconian Conjurer began the quest for the Orb.
     0 | D:1      | Reached XP level 1. HP: 14/14 MP: 3/3
   355 | D:1      | Reached XP level 2. HP: 20/20 MP: 1/5
  1080 | D:2      | Learned a level 2 spell: Searing Ray
  1236 | D:2      | Reached XP level 3. HP: 26/26 MP: 1/7
  1530 | D:2      | Noticed Robin
  1545 | D:2      | Killed Robin
  1626 | D:2      | Reached XP level 4. HP: 25/33 MP: 1/8
  2236 | D:3      | Found a faded altar of an unknown god.
  2438 | D:3      | Reached skill level 5 in Conjurations
  3103 | D:4      | Reached XP level 5. HP: 38/38 MP: 3/10
  3172 | D:4      | Noticed Sigmund
  3198 | D:4      | Noticed Edmund
  3350 | D:3      | Noticed sergedm's ghost (amateur DECj)
  3383 | D:3      | Killed sergedm's ghost
  3657 | D:4      | Reached XP level 6. HP: 39/45 MP: 5/12
  4036 | D:5      | Entered Level 5 of the Dungeon
  4036 | D:5      | Noticed a water moccasin
  4044 | D:5      | Killed a water moccasin
  4044 | D:5      | Reached skill level 6 in Conjurations
  4349 | D:5      | Reached skill level 5 in Spellcasting
  4525 | D:5      | Your scales start taking on a pale cyan-grey colour.
  4525 | D:5      | Reached XP level 7. HP: 23/50 MP: 6/14
  5146 | D:4      | Killed Edmund
  5146 | D:4      | Reached skill level 7 in Conjurations
  5480 | D:4      | Killed Sigmund
  5873 | D:6      | Reached XP level 8. HP: 57/57 MP: 13/17
  5888 | D:6      | Noticed namelastname112's ghost (novice DrCj)
  5904 | D:6      | Killed namelastname112's ghost
  5904 | D:6      | Reached skill level 8 in Conjurations
  6093 | D:6      | Gained mutation: You expend magic power (3 MP) to strengthen your wands. [mutagenic meat]
  6094 | D:6      | Gained mutation: You are resistant to electric shocks. (rElec) [mutagenic meat]
  6175 | D:6      | Found a glowing drain.
  6185 | Sewer    | Entered a sewer
  6633 | Sewer    | Slain by a bullfrog

Vault maps used:
D:1:      dpeg_arrival_tiny_f
D:2:      uniq_robin
D:3:      chequers_ecumenical_altar_island
D:4:      sigmund_edmund_badplayer
D:5:      first_bread
D:6:      minmay_temple_entry_butterflies, cheibrodos_sewer_entry_drain,
          vehumet_altar_wand_db
Sewer:    sewer_minmay_w

Skill      XL: |  1  2  3  4  5  6  7  8 |
---------------+-------------------------+-----
Spellcasting   | 3 4 5 6 7 |  7.4
Conjurations   | 5 6 7 8 |  8.8
Dodging        | |  1.7
Stealth        | |  1.7

Action                   |  1- 3 |  4- 6 |  7- 9 || total
-------------------------+-------+-------+-------++-------
Melee: Unarmed           |    14 |       |       ||    14
       Whip              |    83 |     9 |       ||    92
       Tailslap          |     4 |       |     1 ||     5
       Spear             |       |     2 |    13 ||    15
 Cast: Magic Dart        |    55 |   124 |   123 ||   302
       Searing Ray       |     1 |     9 |     7 ||    17
 Abil: Breathe Steam     |       |       |     7 ||     7
  Use: Potion            |       |     2 |     4 ||     6
  Eat: Chunk             |     3 |     7 |    10 ||    20
       Royal jelly       |       |     1 |       ||     1
Armor: Skin              |    48 |    10 |    38 ||    96
Dodge: Dodged            |    90 |    22 |    59 ||   171
